 Dungeon Crawl Stone Soup version 0.25-a0-167-g836c352ace (webtiles) character file.

Game seed: 5010611462482586234, levelgen mode: deterministic

14 1player the Ducker (level 2, 27/27 HPs)
             Began as a Troll Wanderer on Nov 25, 2019.
             Quit the game on level 1 of the Dungeon.
             The game lasted 00:01:33 (362 turns).

1player the Ducker (Troll Wanderer)                  Turns: 362, Time: 00:01:33

Health: 27/27      AC:  8    Str: 18    XL:     2   Next: 27%
Magic:  1/1        EV: 11    Int:  6    God:
Gold:   36         SH:  0    Dex: 12    Spells: 1/1 levels left

rFire    . . .     SeeInvis .     - Unarmed
rCold    . . .     Gourm    +   (no shield)
rNeg     . . .     Faith    .   b - +2 robe
rPois    .         Spirit   .   (helmet restricted)
rElec    .         Reflect  .   (no cloak)
rCorr    .         Harm     .   (gloves unavailable)
MR       .....                  (boots unavailable)
Stlth    ++........             (no amulet)
HPRegen  0.49/turn              (no ring)
MPRegen  0.07/turn              (no ring)

@: no status effects
A: large, unfitting armour, claws 3, fast metabolism 3, gourmand, regeneration
1, shaggy fur 1, tough skin 3
a: no special abilities


You were on level 1 of the Dungeon.
You were not hungry.

You visited 1 branch of the dungeon, and saw 1 of its levels.

You collected 36 gold pieces.

Inventory:

Armour
 b - a +2 robe (worn)
Jewellery
 h - a cursed ring of protection from fire {unknown}
Scrolls
 f - a scroll of remove curse {unknown}
 g - a scroll of amnesia {unknown}
 i - a scroll of noise {unknown}
Potions
 c - 2 potions of lignification
Comestibles
 e - 3 rations {!d}


   Skills:
 - Level 1.0 Fighting
   Level 1.7 Maces & Flails
   Level 1.0 Bows
 + Level 1.6 Throwing
 - Level 3.2 Dodging
 - Level 1.0 Stealth
 + Level 1.2 Unarmed Combat


You had one spell level left.
You didn't know any spells.
Your spell library was empty.

Dungeon Overview and Level Annotations

Branches:
Dungeon (1/15)

Altars:


Innate Abilities, Weirdness & Mutations

You are too large for most types of armour.
You have claws for hands.
Your metabolism is lightning-fast.
You like to eat raw meat.
Your natural rate of healing is unusually fast.
You are covered in fur. (AC +1)
You have extremely tough skin. (AC +3)


Message History

You butcher the dart slug corpse.
j - a chunk of flesh Eating a chunk of flesh.
You eat the chunk of flesh.
This raw flesh tastes great.
You open the door.
Found a stone staircase leading down.
There is an open door here.
There is an open door here.
A rat comes into view.
A rat comes into view.
You completely miss the rat. The rat misses you.
You claw the rat!
You kill the rat!
You scratch the rat but do no damage. The rat bites you but does no damage.
You claw the rat!
You kill the rat!
Saving game... please wait.
Welcome back, 1player the Troll Wanderer.
Press ? for a list of commands and other information.
Are you sure you want to abandon this character and quit the game? (Confirm with "yes".)

#......##########.........
#.>....+..................
#......##.####...##+#.....
#......'.....'............
#......##.####...###.#####
#########.# ##### #.##
#.###### ###..####
#.##...# #.......#
#@##...# #.......#
#.##...# #.......#
#......# ####'####
#....### #.#### #....#
###..#.. #....# #....#..
........+ #....#..
...#....# #....#..
....#....# ####....


There were no monsters in sight!

Vanquished Creatures
  A dart slug (D:1)
  A bat (D:1)
  2 giant cockroaches (D:1)
  2 goblins (D:1)
  A hobgoblin (D:1)
  4 rats (D:1)
11 creatures vanquished.

Notes
Turn   | Place    | Note
-------+----------+-------------------------------------------
     0 | D:1      | 1player the Troll Wanderer began the quest for the Orb.
     0 | D:1      | 1player set off with the following items: a +0 mace, a +2
                  | robe, a potion of lignification, 2 rations {!d}
     0 | D:1      | Reached XP level 1. HP: 19/19 MP: 0/0
   242 | D:1      | Reached skill level 1 in Unarmed Combat
   258 | D:1      | Reached XP level 2. HP: 27/27 MP: 1/1
   362 | D:1      | Quit the game

Levels and vault maps discovered:
D:1:      dpeg_arrival_pond, layout_basic

Skill      XL: |  1 |
---------------+----+-----
Unarmed Combat | 1 |  1.2
Fighting       | |  1.0
Maces & Flails | |  1.7
Bows           | |  1.0
Throwing       | |  1.6
Dodging        | |  3.2
Stealth        | |  1.0

Action                   || total
-------------------------++-------
Melee: Unarmed           ||    28
  Eat: Chunk             ||     3
Armor: Robe              ||    12
Dodge: Dodged            ||    15

Table legend:
 A = Non-vault XP
 B = Vault XP
 C = Vault XP percentage of total XP
 D = Non-vault monster count
 E = Vault monster count
 F = Vault count percentage of total count
                 A         B        C        D         E       F
            +---------+---------+-------+---------+---------+-------
      Total |      20 |       0 |   0.0 |      11 |       0 |   0.0
            +---------+---------+-------+---------+---------+-------
        D:1 |      20 |       0 |   0.0 |      11 |       0 |   0.0
            +---------+---------+-------+---------+---------+-------
